Description

In this replay(and Video), I show you how to scout and how to counter a proxy hatch. I do it with a skytoss follow up but you can react with what you want.

General tips are:

  • Scout after the first pylon
  • Check if there is an expand
  • No expand and pool first but not fast (around 1min) means proxy hatch Expand and pool around 1,15 means standard hatch first
  • No expand and pool almost finished when you scout means 12 pool
  • No expand and pool at the middle of the build itme means 14/14 (if their is gas)

When you know that there is a proxy hatch: Scout your third expand and react with chrono zealot, pylon + 2 shield batteries close to the hatch. He should never finish his 3 spines. When you hold it: Expand and go to a macro game. You are fare ahead (you only neeed to fear about a random bbust, it can happen sometimes)

VOD

https://youtu.be/fmJBmuQLhoU

Replay - SSghoul v zuka - Dédale EC

Build Order

Get SALT Encoding   

  12  0:01  Probe  
  13  0:13  Probe  
  14  0:20  Pylon  
  14  0:21  Probe  
  15  0:34  Probe  
  15  0:40  Gateway  
  16  0:45  Probe  
  16  0:48  Assimilator  
  17  0:57  Probe  
  18  1:08  Gateway  
  18  1:10  Probe  
  19  1:20  Zealot  
  19  1:22  Probe  
  20  1:28  Cybernetics Core  
  22  1:34  Pylon  
  22  1:50  Zealot  
  24  1:56  Zealot  
  26  2:05  Shield Battery x2  
  26  2:09  Stalker  
  28  2:26  Stalker  
  30  2:48  Pylon  
  30  2:52  Stalker  
  31  2:58  Nexus  
  31  3:01  Stalker  
  31  3:22  Zealot  
  34  3:27  Probe  
  36  3:34  Assimilator  
  36  3:39  Probe  
  37  3:44  Warp Gate  
  36  4:00  Pylon  
  38  4:20  Stargate  
  39  4:27  Pylon  
  45  4:53  Stargate  
  45  4:55  Assimilator x2  
  46  5:06  Oracle  
  52  5:29  Oracle  
  57  5:48  Oracle  
  64  6:04  Oracle  
  69  6:23  Adept x2  
  69  6:24  Nexus  
  73  6:45  Adept x2  
  77  6:49  Oracle x2  
  84  7:05  Fleet Beacon  
  94  7:38  Carrier x2  
  105  8:18  Adept x2  
  109  8:23  Stargate  
  112  8:28  Protoss Air Weapons Level 1  
  115  8:37  Assimilator x2  
  115  8:54  Carrier  
  115  9:09  Carrier  
  127  9:14  Carrier  
  127  9:18  Adept x2  
  125  9:38  Shield Battery x2  
  127  9:49  Mothership  
  127  9:56  Nexus  
Spawning Tool Build Advisor. Get it on Overwolf

Go to:

Details

  • Created by: zuka      
  • Published on: Sep 29, 2018
  • Modified on: Sep 29, 2018
  • Patch: 4.0.0
Show
View Real Time Build Order
Export as new Build Order

Comments (1)

On Oct. 8, 2018, 2:06 p.m., ANTI  said:

Hi, love the build and videos, my question is what if he feints the proxy hatch, blocks your scouting and while you're preparing to defend with the build you set, he macro's up instead and ends up with a macro lead?

My guess as to your answer is that I should be scouting for an expansion at his base and if he doesn't expand before he has lings out then I should not expect any macro?

Create an account to comment!